 Dungeon Crawl Stone Soup version 0.28.0 (webtiles) character file.

Game seed: 294758425350125531

27 AmazingTV the Sneak (level 2, 0/15 HPs)
             Began as a Spriggan Brigand on June 28, 2022.
             Slain by an adder (4 damage)
             ... on level 2 of the Dungeon.
             The game lasted 00:03:12 (1710 turns).

AmazingTV the Sneak (Spriggan Brigand)              Turns: 1710, Time: 00:03:14

Health: 0/15       AC:  3    Str:  7    XL:     2   Next: 93%
Magic:  3/3        EV: 16    Int: 12    God:
Gold:   52         SH:  0    Dex: 16    Spells: 1/1 levels left

rFire   . . .      SeeInvis +   a - +2 dagger
rCold   . . .      Faith    .   (no shield)
rNeg    . . .      Spirit   .   b - +0 robe
rPois   .          Reflect  .   (helmet restricted)
rElec   .          Harm     .   c - +0 cloak
rCorr   .          Rampage  .   (gloves unavailable)
Will    .....                   (boots unavailable)
Stlth   +++.......              (no amulet)
HPRegen 0.05/turn               (no ring)
MPRegen 0.08/turn               (no ring)

@: lethally poisoned (0 -> -4), very quick
A: very small, no large weapons, unfitting armour, see invisible, speed 3
a: no special abilities


You were on level 2 of the Dungeon.
You visited 1 branch of the dungeon, and saw 2 of its levels.

You collected 52 gold pieces.

Inventory:

Hand Weapons
 a - a +2 dagger (weapon)
Missiles
 d - 8 poisoned darts (quivered)
 e - 2 curare-tipped darts
 m - 24 arrows
 q - 2 stones
Armour
 b - a +0 robe (worn)
 c - a +0 cloak (worn)
Scrolls
 g - a scroll of teleportation {unknown}
 h - a scroll of fear {unknown}
 k - a scroll of enchant armour {unknown}
 n - a scroll of vulnerability {unknown}
 p - a scroll of noise {unknown}
Potions
 f - a potion of brilliance {unknown}
 i - 2 potions of heal wounds {unknown}
 j - 2 potions of might {unknown}
 l - 2 potions of curing {unknown}
 o - a potion of haste {unknown}


   Skills:
 + Level 1.9 Fighting
 + Level 2.5 Short Blades
 + Level 1.1(2.2) Slings
 + Level 2.3(2.4) Throwing
 - Level 1.3 Dodging
 + Level 6.2 Stealth


You had one spell level left.
You didn't know any spells.
Your spell library was empty.

Dungeon Overview and Level Annotations

Branches:
Dungeon (2/15)

Altars:


Innate Abilities, Weirdness & Mutations

You are very small and have problems with some larger weapons.
You are too small for most types of armour.
You have supernaturally acute eyesight. (SInv)
You cover ground extremely quickly. (Speed+++)


Message History

You climb downwards.
There is a stone staircase leading up here.
The helpless bat fails to defend itself.
You impale the bat!!
You kill the bat!
Found a stone staircase leading down.
A hobgoblin comes into view.
Found 7 gold pieces.
The helpless hobgoblin fails to defend itself.
You impale the hobgoblin!!
You kill the hobgoblin!
You now have 52 gold pieces (gained 7).
Found steam dragon scales.
There is a stone staircase leading down here.
A dart slug and an adder come into view.
The dart slug launches a dart at you. The slug dart misses you.
You see here +0 steam dragon scales.
You hit the adder.
The adder is lightly wounded.
The adder bites you but does no damage.
You hit the adder.
The adder is heavily wounded.
The adder completely misses you.
You closely miss the adder.
The adder is heavily wounded.
The adder completely misses you.
You closely miss the adder.
The adder is heavily wounded.
The adder bites you. x2
You are poisoned.
The adder poisons you!
You closely miss the adder.
The adder is heavily wounded.
You feel sick. The dart slug launches a dart at you. The slug dart hits you.
* * * LOW HITPOINT WARNING * * *
The adder bites you.
You die...

### ####
..##..
..#S#
#####.#@#
......#[#
......w.#
...w....#
.#####..#
#....#####
#.#......#
...#......#
###
##>....#


You could see an adder and a dart slug.

Vanquished Creatures
  A dart slug (D:2)
  An endoplasm (D:1)
  A giant cockroach (D:1)
  A hobgoblin (D:2)
  A quokka (D:1)
  6 ball pythons (D:1)
  4 bats
  6 frilled lizards
  2 goblins (D:1)
  4 kobolds (D:1)
27 creatures vanquished.

Notes
Turn   | Place    | Note
-------+----------+-------------------------------------------
     0 | D:1      | AmazingTV the Spriggan Brigand began the quest for the Orb.
     0 | D:1      | Reached XP level 1. HP: 10/10 MP: 2/2
   566 | D:1      | Reached skill level 6 in Stealth
   569 | D:1      | Reached XP level 2. HP: 3/15 MP: 3/3
  1174 | D:1      | Reached skill level 1 in Slings
  1710 | D:2      | Slain by an adder

Illustrated notes

Levels and vault maps discovered:
D:1:      eino_arrival_tree_alley, layout_rooms
D:2:      wad_river_or_something, layout_basic, serial_shops,
          nicolae_shop_behind_doors

Skill      XL: |  1  2 |
---------------+-------+-----
Stealth        | 6 |  6.2
Slings         | 1 |  1.1
Fighting       | |  1.9
Short Blades   | |  2.5
Throwing       | |  2.3
Dodging        | |  1.3

Action                   || total
-------------------------++-------
Melee: Dagger            ||    98
Throw: Dart              ||     6
 Stab: Sleeping          ||     6
Armor: Robe              ||    15
Dodge: Dodged            ||    79
